 Dungeon Crawl Stone Soup version 0.24.0-1-gfbc8707122 (console) character file.

Game seed: 9808641158145447630, levelgen mode: deterministic

21158 AlterAsc the Severer (level 12, -8/106 HPs)
             Began as a Hill Orc Berserker on Oct 28, 2019.
             Was a High Priest of Trog.
             Mangled by an orc warlord
             ... wielding a +0 glaive
              (13 damage)
             ... on level 1 of the Orcish Mines.
             The game lasted 00:50:05 (9716 turns).

AlterAsc the Severer (Hill Orc Berserker)           Turns: 9716, Time: 00:50:05

Health: -8/106     AC: 20    Str: 24    XL:     12   Next: 87%
Magic:  12/12      EV: 10    Int:  6    God:    Trog [*****.]
Gold:   594        SH:  0    Dex: 11    Spells: 11/11 levels left

rFire    . . .     SeeInvis .   a - +0 battleaxe
rCold    . . .     Gourm    .   (shield currently unavailable)
rNeg     + . .     Faith    .   J - +0 chain mail
rPois    +         Spirit   .   W - +0 helmet
rElec    .         Reflect  .   C - +2 ratskin cloak {+Rats rPois rN+ Str-1 Int-1 Dex+1}
rCorr    +         Harm     .   V - +0 pair of gloves
MR       .....                  N - +2 pair of boots
Stlth    ..........             j - amulet of regeneration
HPRegen  0.67/turn              R - ring of resist corrosion
MPRegen  0.13/turn              X - ring of flight

@: berserk cooldown, slowed, very slow
A: no striking features
a: Berserk, Trog's Hand, Brothers in Arms, Renounce Religion, Convert to Beogh,
Evoke Ratskin, Evoke Flight


You were on level 1 of the Orcish Mines.
You worshipped Trog.
Trog was extremely pleased with you.
You were not hungry.

You visited 2 branches of the dungeon, and saw 14 of its levels.

You collected 782 gold pieces.
You spent 188 gold pieces at shops.

Inventory:

Hand Weapons
 a - a +0 battleaxe (weapon)
 b - a +0 whip of flaming
 A - a +3 longbow of freezing
 D - a +5 scimitar of slicing
 G - a +1 short sword of flaming
Missiles
 Q - 56 stones (quivered)
Armour
 C - the +2 ratskin cloak (worn) {+Rats rPois rN+ Str-1 Int-1 Dex+1}
   (You found it on level 5 of the Dungeon)

   It affects your strength (-1).
   It affects your intelligence (-1).
   It affects your dexterity (+1).
   It protects you from poison.
   It protects you from negative energy.
 J - a +0 chain mail (worn)
 N - a +2 pair of boots (worn)
 P - a +0 scale mail
 U - a +0 plate armour
 V - a +0 pair of gloves (worn)
 W - a +0 helmet (worn)
Jewellery
 j - an amulet of regeneration (around neck)
 w - an uncursed ring of attention
 R - a ring of resist corrosion (left hand)
 T - an uncursed ring of stealth
 X - a ring of flight (right hand)
 Y - an uncursed ring of wizardry
Wands
 m - a wand of flame (14)
 y - a wand of acid (3)
 E - a wand of paralysis (9)
 H - a wand of iceblast (6)
 M - a wand of disintegration (20)
Scrolls
 d - 2 scrolls of fear
 e - a scroll of vulnerability {unknown}
 f - 4 scrolls of identify
 g - 11 scrolls of remove curse
 h - 7 scrolls of magic mapping
 i - 5 scrolls of teleportation
 k - a scroll of fog {unknown}
 n - 2 scrolls of blinking
 p - 6 scrolls of immolation
 q - 2 scrolls of random uselessness {unknown}
 s - 2 scrolls of enchant armour {unknown}
 t - 3 scrolls of amnesia
 I - 4 scrolls of enchant weapon
 K - a scroll of noise {unknown}
Potions
 l - a potion of flight {unknown}
 o - a potion of ambrosia {unknown}
 r - a potion of magic {unknown}
 u - 3 potions of heal wounds {unknown}
 v - 6 potions of curing {unknown}
 x - 3 potions of brilliance {unknown}
 z - a potion of degeneration {unknown}
 B - a potion of agility {unknown}
 F - a potion of cancellation {unknown}
 L - 2 potions of might
 O - a potion of mutation {unknown}
 Z - a potion of invisibility {unknown}
Comestibles
 c - 26 rations


   Skills:
 * Level 10.2 Fighting
 - Level 20.0 Axes
 * Level 9.2 Armour
 + Level 5.3 Dodging


You had 11 spell levels left.
You didn't know any spells.
Your spell library contained the following spells:

 Spells                   Type           Power        Failure   Level  Hunger
 Animate Skeleton         Necr           N/A          95%         1    ##.....
 Apportation              Tloc           #.....       95%         1    ##.....
 Confusing Touch          Hex            #.....       95%         1    ##.....
 Flame Tongue             Conj/Fire      #....        95%         1    ##.....
 Freeze                   Ice            #...         95%         1    ##.....
 Pain                     Necr           #...         95%         1    ##.....
 Summon Butterflies       Summ           #.......     95%         1    ##.....
 Throw Frost              Conj/Ice       #.....       99%         2    ###....
 Confuse                  Hex            #.......     100%        3    ####...
 Gell's Gravitas          Tloc           #.........   100%        3    ####...
 Lesser Beckoning         Tloc           #.........   100%        3    ####...
 Ozocubu's Armour         Chrm/Ice       #.......     100%        3    ####...
 Regeneration             Chrm/Necr      #.........   100%        3    ####...
 Tukima's Dance           Hex            #.......     100%        3    ####...
 Vampiric Draining        Necr           #.........   100%        3    ####...
 Animate Dead             Necr           N/A          100%        4    #####..
 Cause Fear               Hex            #.........   100%        4    #####..
 Petrify                  Tmut/Erth      #.......     100%        4    #####..
 Summon Ice Beast         Ice/Summ       #.......     100%        4    #####..
 Throw Icicle             Conj/Ice       #.......     100%        4    #####..
 Alistair's Intoxication  Tmut/Pois      #.......     100%        5    ######.
 Metabolic Englaciation   Hex/Ice        #.........   100%        5    ######.
 Yara's Violent Unravell  Hex/Tmut       #.........   100%        5    ######.
 Bolt of Fire             Conj/Fire      #.........   100%        6    #######
 Invisibility             Hex            #.......     100%        6    #######
 Dragon Form              Tmut           #.........   100%        7    #######
 Dragon's Call            Summ           #.........   100%        9    #######


Dungeon Overview and Level Annotations

Branches:
Dungeon (13/15)            Temple (0/1) D:6            Lair (0/6) D:8
    Orc (1/2) D:10
 Vaults: D:13-14

Altars:
Ashenzari
Dithmenos
Fedhas
Kikubaaqudgha
Okawaru
Qazlal
Xom
Yredelemnul
Zin

Shops:
D:9 [

Annotations:
D:4 2 transporters
D:8 exclusion: ice statue
D:10 Sonja
D:13 Kirke
Orc:1 Maurice


Message History

Trog accepts your kill.
The orc priest looks braver for a moment.
You fail to use your ability.
The orc warlord hits you from afar with a +0 glaive!!
* * * LOW HITPOINT WARNING * * *
An orc comes into view. It is wielding a +0 trident.
The orc hits you but does no damage.
The orc warrior hits you from afar with a +0 halberd!
* * * LOW HITPOINT WARNING * * *
You hear some strange, mumbled words.
The orc warrior hits you but does no damage.
The orc priest misses you.
The orc hits you from afar with a +0 trident.
* * * LOW HITPOINT WARNING * * *
The orc warrior hits your iron troll with a +0 scimitar!!
You hear a zap.
Something tries to affect you, but you resist.
The now-empty wand crumbles to dust.
The orc warlord hits you from afar with a +0 glaive!
You die...

....... ......#
#.....# ##.....#
##......## #
##...#..#.#.#.
#.$^..........
#.#<)......#.
#.))@oo.....
.......To{......
...#....ooo.....
## #...Tooo.....
##..o.o..o...
....Too.....
....o........
.......o......


You could see an orc warlord, 2 trolls, 2 orc sorcerers, 4 orc warriors, 2 orc
priests, 7 orcs and a friendly iron troll (berserk).

Vanquished Creatures
  A hydra (D:12)
  The ghost of sipior the Slinger, a journeyman HaHu of Nemelex Xobeh (D:10)
  3 two-headed ogres
  2 unseen horrors
  Pikel (D:6)
  An ugly thing (D:12)
  A cyclops (D:8)
  Psyche (D:11)
  A gargoyle (D:6)
  4 kobold demonologists
  3 trolls
  2 hornets
  3 hippogriffs
  A meliai zombie (D:7)
  A shadow (D:13)
  A vampire (D:12)
  A hog (D:13)
  4 wyverns
  15 yaks
  A steam dragon (D:10)
  A hungry ghost (D:11)
  4 wargs
  A water moccasin (D:11)
  Duvessa (D:6)
  3 orc warriors
  3 sky beasts
  5 ice beasts
  2 black bears
  A necrophage (D:11)
  9 ogres
  11 centaurs
  7 big kobolds
  6 bullfrogs
  A gnoll sergeant (D:5)
  Dowan (D:6)
  A wyvern zombie (D:11)
  A scorpion (D:9)
  5 killer bees (D:5)
  5 howler monkeys
  4 wights (D:7)
  5 crimson imps
  A quasit (D:7)
  A centaur zombie (D:9)
  6 hounds
  4 jellies
  4 orc priests
  4 centaur skeletons
  7 orc wizards
  4 iguanas
  A hell rat (D:5)
  7 worker ants
  12 gnolls
  6 river rats (D:5)
  12 adders
  5 shadow imps
  8 oozes
  A worm (D:4)
  3 dart slugs
  8 leopard geckos
  40 orcs
  9 bats
  5 giant cockroaches
  7 goblins
  5 hobgoblins
  10 jackals
  12 quokkas
  A ball python (D:1)
  3 frilled lizards
  32 kobolds
  A quokka skeleton (D:9)
  27 rats
371 creatures vanquished.

Vanquished Creatures (collateral kills)
  A hydra (D:11)
  A centaur warrior (D:12)
  An ugly thing (D:11)
  An orc warrior (D:11)
  3 orcs
7 creatures vanquished.

Vanquished Creatures (others)
  3 slaves (D:6)
  An orc wizard (D:11)
  7 plants (D:8)
11 creatures vanquished.

Grand Total: 389 creatures vanquished

Notes
Turn   | Place    | Note
-------+----------+-------------------------------------------
     0 | D:1      | AlterAsc the Hill Orc Berserker began the quest for the
                  | Orb.
     0 | D:1      | Reached XP level 1. HP: 19/19 MP: 1/1
   139 | D:1      | Reached XP level 2. HP: 19/27 MP: 2/2
   537 | D:1      | Reached XP level 3. HP: 33/33 MP: 3/3
   727 | D:2      | Reached ** piety under Trog
   827 | D:2      | Noticed a centaur
   842 | D:2      | Killed a centaur
   842 | D:2      | Reached skill level 5 in Axes
   842 | D:2      | Reached XP level 4. HP: 27/41 MP: 4/4
   842 | D:2      | Reached XP level 5. HP: 31/47 MP: 5/5
   885 | D:2      | Reached skill level 6 in Axes
  1494 | D:3      | Reached XP level 6. HP: 45/53 MP: 6/6
  1510 | D:3      | Reached *** piety under Trog
  2126 | D:4      | Found a transporter.
  2132 | D:4      | Noticed a kobold demonologist
  2168 | D:4      | Found a transporter.
  2271 | D:4      | Reached skill level 5 in Fighting
  2315 | D:4      | Reached skill level 7 in Axes
  2315 | D:4      | Reached XP level 7. HP: 41/61 MP: 7/7
  2483 | D:4      | You fall into a shaft and drop 1 floor!
  2483 | D:5      | Entered Level 5 of the Dungeon
  2569 | D:5      | Reached **** piety under Trog
  2614 | D:5      | Reached skill level 8 in Axes
  2699 | D:5      | Reached XP level 8. HP: 70/70 MP: 8/8
  3024 | D:4      | Found a basalt altar of Yredelemnul.
  3155 | D:4      | Found a shimmering altar of Xom.
  3157 | D:4      | Found a bloodstained altar of Trog.
  3157 | D:4      | Found a hazy altar of Hepliaklqana.
  3160 | D:4      | Found a white marble altar of Elyvilon.
  3160 | D:4      | Found a hazy altar of Hepliaklqana.
  3160 | D:4      | Found a glowing golden altar of the Shining One.
  3370 | D:5      | Reached skill level 5 in Armour
  3406 | D:5      | Reached skill level 9 in Axes
  3793 | D:5      | Found the +2 ratskin cloak {+Rats rPois rN+ Str-1 Int-1
                  | Dex+1}
  3803 | D:5      | Reached skill level 10 in Axes
  3990 | D:5      | Found a shadowy altar of Dithmenos.
  4162 | D:6      | Noticed a gargoyle
  4166 | D:6      | Reached skill level 11 in Axes
  4170 | D:6      | Killed a gargoyle
  4170 | D:6      | Reached skill level 12 in Axes
  4170 | D:6      | Reached XP level 9. HP: 75/75 MP: 9/9
  4196 | D:6      | Reached ***** piety under Trog
  4206 | D:6      | Noticed Pikel
  4215 | D:6      | Killed Pikel
  4215 | D:6      | Reached skill level 13 in Axes
  4285 | D:6      | Found a staircase to the Ecumenical Temple.
  4323 | D:6      | Noticed Duvessa
  4325 | D:6      | Noticed Dowan
  4331 | D:6      | Killed Duvessa
  4353 | D:6      | Killed Dowan
  4474 | D:6      | Reached skill level 14 in Axes
  4586 | D:6      | Found an iron altar of Okawaru.
  4644 | D:6      | Found a blossoming altar of Fedhas.
  4644 | D:6      | Found an ancient bone altar of Kikubaaqudgha.
  4928 | D:7      | Reached skill level 15 in Axes
  4928 | D:7      | Reached XP level 10. HP: 83/83 MP: 10/10
  5359 | D:8      | Found a staircase to the Lair.
  5394 | D:8      | Received a gift from Trog
  5502 | D:8      | Noticed a cyclops
  5506 | D:8      | Killed a cyclops
  5506 | D:8      | Reached skill level 16 in Axes
  5603 | D:8      | Noticed an ice statue
  6103 | D:9      | Found Reits's Antique Armour Emporium.
  6115 | D:9      | Bought a pair of gloves for 94 gold pieces
  6115 | D:9      | Bought a helmet for 94 gold pieces
  6180 | D:9      | Found a stormy altar of Qazlal.
  6312 | D:9      | Found a glowing silver altar of Zin.
  6335 | D:9      | Found a shattered altar of Ashenzari.
  6620 | D:10     | Entered Level 10 of the Dungeon
  6629 | D:10     | Found a staircase to the Orcish Mines.
  6637 | D:10     | Reached skill level 17 in Axes
  6844 | D:10     | Noticed a two-headed ogre
  6850 | D:10     | Killed a two-headed ogre
  6850 | D:10     | Reached skill level 18 in Axes
  6850 | D:10     | Reached XP level 11. HP: 89/89 MP: 11/11
  6935 | D:10     | Noticed sipior's ghost (journeyman HaHu)
  6936 | D:10     | Found a large runed translucent door.
  6936 | D:10     | Found a large runed translucent door.
  6953 | D:10     | Killed sipior's ghost
  7068 | D:10     | Noticed Sonja
  7443 | D:11     | Noticed a two-headed ogre
  7447 | D:11     | Killed a two-headed ogre
  7447 | D:11     | Reached skill level 19 in Axes
  7477 | D:11     | Killed an unseen horror
  7492 | D:11     | Noticed Psyche
  7510 | D:11     | Killed Psyche
  7572 | D:11     | Noticed an eight-headed hydra
  7586 | D:11     | Noticed a cyan ugly thing
  7609 | D:11     | Killed a cyan ugly thing
  7613 | D:11     | Killed an eight-headed hydra
  7629 | D:11     | Reached skill level 20 in Axes
  8093 | D:11     | Noticed a two-headed ogre
  8104 | D:11     | Killed a two-headed ogre
  8366 | D:11     | Reached XP level 12. HP: 93/100 MP: 12/12
  8665 | D:12     | Received a gift from Trog
  8681 | D:12     | You fall into a shaft and drop 1 floor!
  8767 | D:12     | Noticed a six-headed hydra
  8784 | D:12     | Killed a six-headed hydra
  9092 | D:12     | You fall into a shaft and drop 1 floor!
  9133 | D:13     | Reached skill level 5 in Dodging
  9252 | D:13     | Reached skill level 10 in Fighting
  9255 | D:13     | Noticed Kirke
  9305 | D:13     | Noticed a centaur warrior
  9323 | D:12     | Killed a centaur warrior
  9689 | Orc:1    | Entered Level 1 of the Orcish Mines
  9692 | Orc:1    | Noticed Maurice
  9699 | Orc:1    | Noticed an orc warlord
  9716 | Orc:1    | HP: 5/106 [orc/+0 trident (3)]
  9716 | Orc:1    | Mangled by an orc warlord

Levels and vault maps discovered:
D:1:      saegor_arrival_miasma, layout_loops_ring
D:2:      layout_loops_cross
D:3:      layout_basic
D:4:      gammafunk_wand_slinger, layout_loops_corners,
          lemuel_coloured_pillars_altar, doesnt_xom_only_xom
D:5:      wander_guarded_unrand_ratskin, layout_basic,
          grunt_dithmenos_smoke_and_mirrors, first_ration,
          minmay_a_box_with_orc_wizards_in_it
D:6:      layout_basic, grunt_temple_overflow_growth_and_decay,
          okawaru_metal_pillars_1_2, minmay_temple_entry_statues_pillars,
          serial_glass, glass_columns_b, glass_columns_a, glass_columns_a,
          uniq_duvessa, uniq_pikel, uniq_edmund
D:7:      layout_rooms
D:8:      cheibrodos_frozen_isle, layout_loops_ring, david_lair_shrubbed
D:9:      layout_rooms, nicolae_overflow_crystal_walls, grunt_qazlal_sundering,
          nicolae_ashenzari_panopticon, serial_shops, kennysheep_mini,
          hangedman_little_slice_of_home
D:10:     layout_loops_ring, minmay_orc_entry_guard_dogs,
          ebering_ghost_disaster_area, uniq_sonja
D:11:     layout_basic, uniq_psyche
D:12:     layout_cross
D:13:     layout_roguey, grunt_vaults_entry_tiered, st_stairs_4,
          lemuel_another_geyser, uniq_kirke, uniq_erolcha
Orc:1:    layout_caves, chequers_guarded_unrand_ignorance, uniq_maurice

Skill      XL: |  1  2  3  4  5  6  7  8  9 10 11 12 |
---------------+-------------------------------------+-----
Fighting       | 4 5 6 7 10 | 10.2
Dodging        | 2 3 5 |  5.3
Axes           | 5 6 7 8 12 15 18 20 | 20.0
Armour         | 3 4 5 6 9 |  9.2

Action                   |  1- 3 |  4- 6 |  7- 9 | 10-12 || total
-------------------------+-------+-------+-------+-------++-------
Melee: Hand axe          |    94 |   186 |   280 |       ||   560
       War axe           |       |       |    99 |     9 ||   108
       Battleaxe         |       |       |       |   512 ||   512
       Unarmed           |       |       |       |     6 ||     6
       Whip              |       |       |       |     5 ||     5
Invok: Berserk           |     1 |     4 |    10 |    16 ||    31
       Trog's Hand       |       |     1 |     2 |     4 ||     7
       Brothers in Arms  |       |       |       |     3 ||     3
  Use: Scroll            |       |     2 |     1 |     8 ||    11
  Eat: Chunk             |     1 |     8 |    13 |    29 ||    51
       Ration            |       |       |     2 |     2 ||     4
Armor: Scale mail        |    33 |    65 |   202 |    20 ||   320
       Chain mail        |       |       |       |   274 ||   274
Dodge: Dodged            |    54 |   101 |   203 |   250 ||   608
